 Dungeon Crawl Stone Soup version 0.23.1 (webtiles) character file.

Game seed: 0

206563 Lusmu the Unseen (level 18, -2/90 HPs)
             Began as a Vine Stalker Assassin on Mar 16, 2019.
             Was a High Priest of Hepliaklqana.
             Succumbed to a ghost moth's poison
             ... on level 3 of the Spider Nest on Mar 17, 2019.
             The game lasted 04:46:27 (38604 turns).

Lusmu the Unseen (Vine Stalker Assassin)           Turns: 38604, Time: 04:46:27

Health: -2/90      AC: 19    Str: 22      XL:     18   Next: 72%
Magic:  2/45       EV: 24    Int: 16 (18) God:    Hepliaklqana [*****.]
Gold:   1525       SH: 10    Dex: 22 (24) Spells: 17/27 levels left

rFire    + . .     SeeInvis .   v - +6 dagger (elec)
rCold    + . .     Gourm    .   K - +0 buckler
rNeg     + . .     Faith    .   B - +0 swamp dragon scales
rPois    +         Spirit   +   c - +3 hat of Pondering {ponderous, MR+ MP+10 Int+5}
rElec    .         Reflect  +   d - +2 cloak
rCorr    .         Harm     .   m - +0 pair of gloves
MR       +++..                  G - +0 pair of boots
Stlth    +++++.....             q - +4 amulet of reflection
HPRegen  1.05/turn              t - ring of the Bouncing Eyes {MP+9 Dex+3}
MPRegen  0.29/turn              X - ring of the Ban {rF+ rN+ Str+7 Stlth-}

@: lethally poisoned (-2 -> -70), very slightly contaminated, slow
A: reduced essence, fangs 3, cold resistance 1, sense surroundings 1,
regeneration 2, robust 1, magic shield, antimagic bite, no potion heal 3, rot
immunity
}: 1/15 runes: decaying
a: Recall Ancestor, Ancestor Identity, Transference, Idealise, Renounce Religion


You were on level 3 of the Spider Nest.
You worshipped Hepliaklqana.
Hepliaklqana was extremely pleased with you.
You were not hungry.

You visited 6 branches of the dungeon, and saw 32 of its levels.
You also visited: Sewer, Bailey and Gauntlet.

You collected 3646 gold pieces.
You spent 2121 gold pieces at shops.

Inventory:

Hand Weapons
 b - a +0 blowgun
 v - a +6 dagger of electrocution (weapon)
Missiles
 e - 171 poisoned needles
 h - 5 curare-tipped needles
 z - 8 needles of frenzy
 P - 2 exploding tomahawks
 V - 3 needles of paralysis
 W - 37 tomahawks of returning (quivered)
Armour
 c - the +3 hat of Pondering (worn) {ponderous, MR+ MP+10 Int+5}
   (You took it off Gastronok on level 2 of the Lair of Beasts)

   It affects your intelligence (+5).
   It affects your resistance to hostile enchantments.
   It affects your magic capacity (+10).
 d - a +2 cloak (worn)
 m - a +0 pair of gloves (worn)
 B - +0 swamp dragon scales (worn)
 G - a +0 pair of boots (worn)
 K - a +0 buckler (worn)
Jewellery
 q - a +4 amulet of reflection (around neck)
 t - the ring of the Bouncing Eyes (left hand) {MP+9 Dex+3}
   (You found it on level 12 of the Dungeon)

   [ring of dexterity]

   It affects your dexterity (+3).
   It affects your magic capacity (+9).
 X - the ring of the Ban (right hand) {rF+ rN+ Str+7 Stlth-}
   (You took it off a deep elf archer on level 14 of the Dungeon)

   [ring of attention]

   It affects your strength (+7).
   It protects you from fire.
   It protects you from negative energy.
   It makes you less stealthy.
Wands
 f - a wand of enslavement (12)
 n - a wand of flame (19)
 s - a wand of polymorph (7)
 F - a wand of acid (6)
 H - a wand of iceblast (17)
 N - a wand of paralysis (17)
Scrolls
 a - 2 scrolls of fog
 i - 2 scrolls of blinking
 k - 6 scrolls of enchant armour
 p - 11 scrolls of remove curse
 u - 9 scrolls of identify
 w - 13 scrolls of teleportation
 C - a scroll of magic mapping
 R - 2 scrolls of enchant weapon
Potions
 j - 4 potions of agility
 l - 3 potions of brilliance
 r - 9 potions of curing
 D - a potion of resistance
 I - 4 potions of invisibility
 M - 3 potions of ambrosia
 S - a potion of haste
 T - a potion of might
Miscellaneous
 o - a fan of gales
 U - a lightning rod (4/4)
 Z - 2 sacks of spiders
Comestibles
 g - 36 rations


   Skills:
 - Level 8.0 Fighting
 - Level 12.0 Short Blades
 - Level 5.0 Throwing
 + Level 10.8 Armour
 + Level 14.6 Dodging
 + Level 16.9 Stealth
 - Level 4.0 Shields
 - Level 5.0 Spellcasting
 - Level 5.0 Conjurations
 - Level 3.0 Hexes
 + Level 7.9 Summonings
 + Level 7.9 Translocations
 - Level 3.0 Ice Magic
 - Level 4.0 Air Magic
 - Level 4.0 Poison Magic
 - Level 5.0 Invocations
 - Level 5.0 Evocations


You had 17 spell levels left.
You knew the following spells:

 Your Spells              Type           Power        Failure   Level  Hunger
a - Mephitic Cloud        Conj/Pois/Air  ###.....     11%         3    ###....
b - Ensorcelled Hibernat  Hex/Ice        ##....       10%         2    #......
c - Summon Forest         Summ/Tloc      ####......   24%         5    ######.

Your spell library contained the following spells:

 Spells                   Type           Power        Failure   Level  Hunger
 Apportation              Tloc           ####..       1%          1    None
 Summon Small Mammal      Summ           ####         1%          1    None
 Blink                    Tloc           N/A          1%          2    #......
 Call Imp                 Summ           ####....     1%          2    #......
 Magic Dart               Conj           ###.         2%          1    None
 Call Canine Familiar     Summ           ####....     2%          3    ###....
 Recall                   Summ/Tloc      N/A          2%          3    ###....
 Confusing Touch          Hex            ##....       6%          1    None
 Corona                   Hex            ##.....      6%          1    None
 Shroud of Golubria       Chrm/Tloc      ###.......   6%          2    #......
 Portal Projectile        Hex/Tloc       ###...       7%          3    ###....
 Summon Guardian Golem    Hex/Summ       ###.....     7%          3    ###....
 Slow                     Hex            ##......     10%         2    #......
 Dazzling Spray           Conj/Hex       ###...       13%         3    ###....
 Confuse                  Hex            ##......     19%         3    ###....
 Tukima's Dance           Hex            ##......     19%         3    ###....
 Summon Lightning Spire   Summ/Air       ###.....     19%         4    ####...
 Animate Skeleton         Necr           N/A          22%         1    None
 Infusion                 Chrm           #...         22%         1    None
 Pain                     Necr           #...         22%         1    None
 Sandblast                Erth           #.....       22%         1    None
 Summon Ice Beast         Ice/Summ       ###.....     22%         4    ####...
 Conjure Flame            Conj/Fire      ##......     24%         3    ###....
 Stone Arrow              Conj/Erth      ##....       24%         3    ###....
 Passwall                 Tmut/Erth      #.......     32%         2    #......
 Song of Slaying          Chrm           #.......     32%         2    #......
 Spectral Weapon          Hex/Chrm       #.......     34%         3    ###....
 Regeneration             Chrm/Necr      #.........   54%         3    ###....
 Vampiric Draining        Necr           #.........   54%         3    ###....
 Animate Dead             Necr           N/A          91%         4    ####...
 Petrify                  Tmut/Erth      #.......     91%         4    ####...
 Irradiate                Conj/Tmut      ##........   91%         5    ######.
 Lee's Rapid Deconstruct  Erth           #.........   99%         5    ######.
 Hydra Form               Tmut           #.........   100%        6    #######
 Iron Shot                Conj/Erth      ##........   100%        6    #######
 Statue Form              Tmut/Erth      #........    100%        6    #######
 Dragon Form              Tmut           #.........   100%        7    #######
 Disjunction              Tloc           ####......   100%        8    #######


Dungeon Overview and Level Annotations

Branches:
Dungeon (15/15)            Temple (1/1) D:6            Lair (6/6) D:8
  Swamp (4/4) Lair:3       Spider (4/4) Lair:4        Slime (0/5) Lair:5
    Orc (2/2) D:10            Elf (0/3) Orc:2        Vaults (0/5) D:13
 Depths (0/5) D:15

Altars:
Ashenzari
Cheibriados
Dithmenos
Elyvilon
Fedhas
Gozag
Hepliaklqana
Kikubaaqudgha
Makhleb
Nemelex Xobeh
Okawaru
Qazlal
Ru
Sif Muna
Trog
Uskayaw
Vehumet
Wu Jian
Xom
Yredelemnul
Zin
The Shining One

Shops:
D:6 *   D:13 *   Orc:2 =!?!

Annotations:
D:14 3 runed translucent doors, Tutankhamun's ghost, journeyman FoFi
Lair:3 exclusion: oklob plant
Lair:5 exclusion: 2 oklob plants


Innate Abilities, Weirdness & Mutations

You have razor-sharp teeth.
You heal very quickly.
When hurt, damage is shared between your health and your magic reserves.
Your bite disrupts and absorbs the magic of your enemies.
Potions cannot restore your health.
You are immune to rotting.
Your life essence is reduced to manifest your ancestor. (-10% HP)
Your flesh is cold resistant. (rC+)
You passively map a small area around you.
You are robust. (+10% HP)


Message History

The orb spider weaves a glowing orb of energy.
An orb of destruction comes into view.
There is a stone staircase leading up, spattered with blood here.
* * * LOW HITPOINT WARNING * * *
You feel very sick.
Something hits you but does no damage. x2; Something stings you.
* * * LOW HITPOINT WARNING * * *
You are more poisoned.
Something poisons you!
You climb upwards.
Reactivating autopickup.
* * * LOW HITPOINT WARNING * * *
You feel extremely sick.
There is a stone staircase leading down here.
Okay, then.
Blink to where?
Press: ? - help, Dir - move target cursor You are very lightly contaminated with residual magic.
As you read the scroll of blinking, it crumbles to dust.
You die...

#### ##.#..^#####...#...
*≈≈## ####.....#...##...
##≈≈ ###...#..^#...#
#≈≈#### #....######..#
#≈≈.#≈#######...#^#.#...#
#≈#.§#.##≈.#≈#......##...
##≈.{..#.#...#...^..#..#.
###...#.......###..#####
###..@...#...#...^#...
##...#.###..####......
#...####.^..###..#.#..
###.≈###..###.######^^
##≈#.....#.....^.#..
####...####..........
#≈...###..#######....
#...##.......^.#...#.
###.#...##.........##


There were no monsters in sight!

Vanquished Creatures
  Arachne (Spider:3)
  Jorgrun (Spider:1)
  Rupert (D:14)
  Frances (Swamp:2)
  Kirke (Lair:4)
  A thorn hunter (Swamp:4)
  Gastronok (Lair:2)
  Roxanne (Swamp:4)
  Aizul (Swamp:2)
  An emperor scorpion (Spider:1)
  2 entropy weavers
  A spark wasp (Spider:3)
  A minotaur (Gauntlet)
  Azrael (Spider:1)
  Josephine (D:10)
  2 ice dragons
  2 vault guards (D:13)
  17 hydras
  2 ghost crabs
  A shambling mangrove (Swamp:3)
  2 catoblepae
  An ogre mage (D:13)
  A centaur warrior (D:13)
  4 death yaks
  6 two-headed ogres
  9 alligators
  A tengu warrior (D:13)
  5 unseen horrors
  2 wizards
  A spriggan druid (Swamp:4)
  A deep troll (shapeshifter) (Gauntlet)
  6 swamp dragons
  A glowing orange brain (D:14)
  Pikel (D:6)
  4 orc knights
  10 ugly things
  A deep elf archer (D:14)
  2 deep elf magi (D:15)
  An oklob plant (Lair:5)
  9 orb spiders
  An orc sorcerer (Orc:1)
  18 wolf spiders
  5 cyclopes
  An elephant (shapeshifter) (D:14)
  A moth of wrath (Spider:3)
  A manticore (D:15)
  15 elephants
  28 spiny frogs
  3 torpor snails
  3 rime drakes
  4 kobold demonologists
  10 komodo dragons
  2 freezing wraiths
  An efreet (D:14)
  A tengu conjurer (D:13)
  A troll (Orc:2)
  9 demonic crawlers
  A polar bear (Lair:3)
  16 jumping spiders
  A queen bee (Orc:1)
  13 tyrant leeches
  A spectral tarantella (Spider:4)
  10 hornets
  13 blink frogs
  9 bog bodies
  5 hippogriffs
  3 slime creatures (D:15)
  A meliai zombie (D:14)
  2 dream sheep (Lair:4)
  41 redbacks
  13 tarantellas
  23 yaks
  2 spriggans
  Eustachio (D:6)
  4 shadows
  7 wraiths
  4 basilisks
  5 wyverns
  2 humans (D:13)
  A golden eye (Gauntlet)
  2 fire elementals (Spider:1)
  A steam dragon (D:11)
  3 swamp worm simulacra (Swamp:4)
  3 wargs
  8 swamp worms
  10 vampire mosquitoes
  3 insubstantial wisps (Swamp:1)
  2 acid dragons
  12 hydra simulacra (Swamp:4)
  7 water moccasins
  5 porcupines
  A soldier ant (D:14)
  3 hell hounds (Spider:1)
  2 black bears
  43 orc warriors
  6 swamp drakes
  3 ice beasts
  4 sky beasts
  2 phantoms
  8 ogres
  28 centaurs
  7 wolves
  12 crocodiles
  10 big kobolds
  16 bullfrogs
  A wyvern skeleton (D:11)
  A knight (D:9)
  2 scorpions (D:5)
  26 killer bees
  9 wights
  2 electric eels (Lair:1)
  A howler monkey (D:14)
  5 crimson imps
  3 centaur zombies
  A quasit (D:10)
  6 hounds
  3 jellies
  17 orc priests
  A bullfrog skeleton (D:4)
  5 iguanas
  A worker ant (shapeshifter) (D:14)
  17 orc wizards
  Terence (D:2)
  7 worker ants
  3 hound zombies
  11 gnolls
  13 adders
  8 river rats
  3 shadow imps
  7 white imps (Lair:6)
  2 oozes (Sewer)
  2 swamp drake simulacra (Swamp:4)
  2 adder skeletons
  2 dart slugs
  7 leopard geckos
  120 orcs
  7 bats
  5 giant cockroaches
  8 hobgoblins
  5 jackals
  47 kobolds
  6 quokkas
  6 ball pythons
  8 frilled lizards
  11 goblins
  A jackal skeleton (D:6)
  A quokka skeleton (D:6)
  A quokka zombie (D:6)
  26 rats
1012 creatures vanquished.

Vanquished Creatures (collateral kills)
  A thorn hunter (Swamp:4)
  Donald (Swamp:4)
  A ghost moth (Spider:3)
  An entropy weaver (Spider:2)
  A fire dragon (D:15)
  3 hydras
  2 vault guards (D:13)
  An ice dragon (Swamp:4)
  A ghost crab (Swamp:3)
  2 shambling mangroves
  A death knight (D:15)
  2 centaur warriors (D:14)
  2 alligators (Swamp:2)
  A two-headed ogre (D:9)
  A death yak (Lair:4)
  Sonja (Lair:1)
  2 unseen horrors
  2 swamp dragons
  A wizard (Gauntlet)
  An orb spider (Spider:1)
  7 wolf spiders
  A manticore (D:11)
  A shining eye (Gauntlet)
  A cyclops (D:15)
  2 ugly things (D:13)
  A black mamba (Lair:6)
  2 elephants (Lair:6)
  A centaur skeleton (D:14)
  4 spiny frogs
  3 freezing wraiths (Swamp:4)
  3 demonic crawlers (Spider:2)
  A troll (D:11)
  2 polar bears
  14 jumping spiders
  A tengu conjurer (D:15)
  4 tyrant leeches
  2 polar bears (shapeshifter)
  4 dream sheep (Lair:4)
  3 hornets
  2 hippogriffs
  5 blink frogs (Lair:6)
  2 slime creatures (D:15)
  Sigmund (D:6)
  2 spriggans
  A shadow (D:14)
  9 tarantellas
  A basilisk (D:14)
  2 water elementals (D:15)
  8 yaks
  A human (D:13)
  19 redbacks
  2 fire elementals (Spider:1)
  A wyvern (D:14)
  3 wargs
  2 hungry ghosts
  9 vampire mosquitoes
  3 insubstantial wisps (Swamp:1)
  5 swamp worms
  A soldier ant (shapeshifter) (D:14)
  2 water moccasins
  2 porcupines (Lair:2)
  4 hydra simulacra (Swamp:4)
  2 black bears
  7 orc warriors
  2 swamp drakes
  A slave (D:6)
  An ogre (D:6)
  10 centaurs
  4 wolves (Lair:6)
  A crocodile (Lair:5)
  5 bullfrogs
  3 big kobolds
  A wyvern zombie (D:10)
  A gnoll sergeant (Orc:2)
  8 killer bees
  4 wights
  3 electric eels
  A crimson imp (D:13)
  A hound (D:11)
  4 orc priests
  A bullfrog skeleton (D:7)
  3 orc wizards
  An iguana (D:11)
  A worker ant (D:14)
  A hound skeleton (D:11)
  An ancestor (D:6)
  2 adders
  2 gnolls
  2 shadow imps
  7 white imps
  3 swamp drake simulacra (Swamp:4)
  An adder skeleton (D:7)
  22 orcs
  A goblin (Bailey)
  19 kobolds
  A leopard gecko zombie (D:7)
  2 briar patches (Swamp:4)
  A plant (Lair:6)
302 creatures vanquished.

Vanquished Creatures (others)
  An azure jelly (Swamp:4)
  An unseen horror (D:14)
  3 wolf spiders
  A tyrant leech (Swamp:4)
  2 humans (Lair:4)
  2 swamp worms (Swamp:4)
  3 swamp drakes (Swamp:3)
  An orc warrior (Orc:2)
  A slave (D:6)
  2 crocodiles (Lair:4)
  2 orc priests (D:6)
  17 knights
  7 ancestors
  2 orcs (D:6)
  18 fungi
  18 plants
81 creatures vanquished.

Grand Total: 1395 creatures vanquished

Notes
Turn   | Place    | Note
-------+----------+-------------------------------------------
     0 | D:1      | Lusmu the Vine Stalker Assassin began the quest for the
                  | Orb.
     0 | D:1      | Reached XP level 1. HP: 11/11 MP: 2/2
   353 | D:1      | Reached skill level 5 in Stealth
   354 | D:1      | Reached XP level 2. HP: 11/15 MP: 3/3
   627 | D:1      | Reached XP level 3. HP: 7/18 MP: 4/4
  1314 | D:2      | Noticed Terence
  1335 | D:2      | Killed Terence
  1335 | D:2      | Gained mutation: Your natural rate of healing is unusually
                  | fast. [Vine Stalker growth]
  1335 | D:2      | Reached XP level 4. HP: 23/23 MP: 5/5
  1894 | D:2      | Found a white marble altar of Elyvilon.
  2035 | D:2      | Reached XP level 5. HP: 28/28 MP: 6/6
  2103 | D:2      | Found a faded altar of an unknown god.
  2104 | D:2      | Reached skill level 6 in Stealth
  2918 | D:2      | Learned a level 3 spell: Mephitic Cloud
  3132 | D:3      | Found a sacrificial altar of Ru.
  3253 | D:4      | Found a glowing drain.
  3331 | Sewer    | Entered a sewer
  3526 | Sewer    | Reached XP level 6. HP: 32/32 MP: 7/7
  3771 | Sewer    | Reached skill level 7 in Stealth
  4065 | D:4      | Got a bloodstained chain mail
  4213 | D:3      | Identified the +1 chain mail "Ikeygi" {rPois MR++ Slay-5
                  | Stlth+} (You found it on level 4 of the Dungeon)
  4567 | D:4      | Reached XP level 7. HP: 37/37 MP: 8/8
  5090 | D:5      | Entered Level 5 of the Dungeon
  5730 | D:5      | Reached skill level 8 in Stealth
  5808 | D:6      | Gained mutation: You have razor-sharp teeth. [Vine Stalker
                  | growth]
  5808 | D:6      | Reached XP level 8. HP: 42/42 MP: 9/9
  5933 | D:6      | Noticed Pikel
  5959 | D:6      | Killed Pikel
  5959 | D:6      | Reached skill level 5 in Fighting
  5959 | D:6      | Reached skill level 5 in Short Blades
  5959 | D:6      | Reached skill level 9 in Stealth
  6001 | D:6      | Found a staircase to the Ecumenical Temple.
  6078 | Temple   | Entered the Ecumenical Temple
  6299 | Temple   | Became a worshipper of Hepliaklqana the Forgotten
  6421 | D:6      | Found Dashranaa's Desiderata Depot.
  6566 | D:6      | Noticed Sigmund
  6585 | D:6      | Killed Sigmund
  6585 | D:6      | Reached skill level 1 in Spellcasting
  6585 | D:6      | Reached skill level 1 in Conjurations
  6585 | D:6      | Reached skill level 1 in Air Magic
  6585 | D:6      | Reached skill level 1 in Poison Magic
  6711 | D:6      | Killed a centaur
  6711 | D:6      | Reached XP level 9. HP: 42/42 MP: 10/12
  6858 | D:6      | Noticed Eustachio
  6887 | D:6      | Killed Eustachio
  7243 | D:6      | Got a translucent mace
  7435 | D:7      | Found a glowing silver altar of Zin.
  7481 | D:7      | Reached skill level 10 in Stealth
  7734 | D:7      | Reached skill level 1 in Dodging
  8032 | D:7      | Found a stormy altar of Qazlal.
  8091 | D:8      | Found a staircase to the Lair.
  8099 | Lair:1   | Entered Level 1 of the Lair of Beasts
  8112 | D:8      | Found a shadowy altar of Dithmenos.
  8167 | D:8      | Reached * piety under Hepliaklqana
  8510 | D:8      | Reached XP level 10. HP: 46/46 MP: 16/18
  8582 | D:8      | Noticed a two-headed ogre
  8661 | D:8      | Killed a two-headed ogre
  8661 | D:8      | Reached skill level 1 in Armour
  8661 | D:8      | Reached skill level 1 in Shields
  8661 | D:8      | Reached skill level 5 in Spellcasting
  8946 | Lair:1   | Learned a level 2 spell: Ensorcelled Hibernation
  9015 | Lair:1   | Noticed a spiny frog
  9019 | Lair:1   | Noticed a spiny frog
  9021 | Lair:1   | Noticed a spiny frog
  9095 | D:8      | Killed a spiny frog
  9164 | D:8      | Killed a spiny frog
  9164 | D:8      | Reached skill level 1 in Hexes
  9164 | D:8      | Reached skill level 1 in Ice Magic
  9274 | D:8      | Killed a spiny frog
  9627 | Lair:1   | Noticed Sonja
  9634 | Lair:1   | Killed Sonja
  9634 | Lair:1   | Reached XP level 11. HP: 42/50 MP: 19/19
  9834 | Lair:1   | Reached skill level 5 in Conjurations
  9941 | Lair:2   | Reached ** piety under Hepliaklqana
 10389 | Lair:1   | Remembered your ancestor Septimus as a knight
 10652 | Lair:2   | Gained mutation: You are robust. (+10% HP) [potion of
                  | mutation]
 10652 | Lair:2   | Gained mutation: Your flesh is cold resistant. (rC+)
                  | [potion of mutation]
 10652 | Lair:2   | Gained mutation: You passively map a small area around you.
                  | [potion of mutation]
 10689 | Lair:2   | Noticed Gastronok
 10705 | Lair:2   | Reached skill level 1 in Invocations
 10721 | Lair:2   | Reached skill level 1 in Evocations
 10780 | Lair:2   | Killed Gastronok
 11336 | Lair:3   | Found a staircase to the Swamp.
 11460 | Lair:3   | Reached skill level 5 in Dodging
 11497 | Lair:3   | Noticed an oklob plant
 11531 | Lair:3   | Reached skill level 5 in Armour
 11819 | Lair:3   | Gained mutation: You heal very quickly. [Vine Stalker
                  | growth]
 11819 | Lair:3   | Reached XP level 12. HP: 60/60 MP: 20/20
 12265 | Lair:4   | Noticed Kirke
 12283 | Lair:4   | Killed Kirke
 12356 | Lair:4   | Found a gate leading to a gauntlet.
 12386 | Gauntlet | Entered a Gauntlet
 12386 | Gauntlet | Found a transporter.
 12386 | Gauntlet | Found a transporter.
 12386 | Gauntlet | Found a transporter.
 12401 | Gauntlet | Noticed a catoblepas
 12407 | Gauntlet | Found a transporter.
 12407 | Gauntlet | Found a transporter.
 12416 | Gauntlet | Noticed a dire elephant
 12417 | Gauntlet | Found a transporter.
 12438 | Gauntlet | Found a transporter.
 12444 | Gauntlet | Found a transporter.
 12452 | Gauntlet | Found a transporter.
 12474 | Gauntlet | Found a transporter.
 12478 | Gauntlet | Found a transporter.
 12495 | Gauntlet | Found a transporter.
 12723 | Gauntlet | Reached skill level 5 in Invocations
 12755 | Gauntlet | Reached skill level 11 in Stealth
 12858 | Gauntlet | Reached skill level 5 in Evocations
 12901 | Gauntlet | Noticed a minotaur
 12934 | Gauntlet | Killed a minotaur
 12948 | Gauntlet | Identified the Almanac of Supportive Earth
 13057 | Lair:4   | Reached skill level 12 in Stealth
 13238 | Lair:4   | Found a hole to the Spider Nest.
 13374 | Lair:4   | Reached *** piety under Hepliaklqana
 13442 | Lair:4   | Reached XP level 13. HP: 23/65 MP: 12/21
 13637 | Lair:4   | Got a twisted ring mail
 14016 | Lair:3   | Identified the +4 ring mail "Goshro" {rN+ Dex+4} (You found
                  | it on level 4 of the Lair of Beasts)
 14572 | Lair:5   | Reached skill level 13 in Stealth
 14919 | Lair:5   | Found an ornate altar of the Wu Jian Council.
 15533 | Lair:6   | Entered Level 6 of the Lair of Beasts
 16349 | Lair:6   | Reached **** piety under Hepliaklqana
 16371 | Lair:6   | Reached XP level 14. HP: 68/72 MP: 22/22
 16840 | Lair:6   | Got a brightly glowing morningstar
 17071 | Lair:6   | Reached skill level 5 in Throwing
 17994 | Lair:5   | Found a staircase to the Slime Pits.
 18471 | Lair:1   | Identified the +8 morningstar of Contention {crush, Fragile
                  | Int+5 SInv} (You found it on level 6 of the Lair of Beasts)
 18616 | D:9      | Found a blossoming altar of Fedhas.
 19328 | D:9      | Reached ***** piety under Hepliaklqana
 19538 | D:10     | Entered Level 10 of the Dungeon
 19561 | D:10     | Noticed Josephine
 19584 | D:10     | Killed Josephine
 19696 | D:10     | Found a staircase to the Orcish Mines.
 19839 | D:10     | Found an iron altar of Okawaru.
 20664 | Orc:1    | Entered Level 1 of the Orcish Mines
 21698 | Orc:2    | Entered Level 2 of the Orcish Mines
 22136 | Orc:2    | Reached XP level 15. HP: 77/77 MP: 23/23
 22238 | Orc:2    | Found a staircase to the Elven Halls.
 22438 | Orc:2    | Reached skill level 10 in Dodging
 22619 | Orc:2    | Found Vikonih's Distillery.
 22619 | Orc:2    | Found Nidghiwk's Magic Scroll Boutique.
 22621 | Orc:2    | Found Jatuep's Jewellery Emporium.
 22623 | Orc:2    | Found Yriron's Distillery.
 22732 | Orc:2    | Bought a potion of resistance for 150 gold pieces
 22733 | Orc:2    | Bought a scroll of random uselessness for 15 gold pieces
 22733 | Orc:2    | Bought a scroll of blinking for 112 gold pieces
 22735 | Orc:2    | Bought a potion of might for 60 gold pieces
 22747 | Orc:2    | Bought an uncursed ring of positive energy for 220 gold
                  | pieces
 22753 | Orc:2    | Bought 2 potions of mutation for 240 gold pieces
 22884 | D:6      | Bought a manual of Dodging for 1324 gold pieces
 23046 | Swamp:1  | Entered Level 1 of the Swamp
 23451 | Swamp:1  | Reached ****** piety under Hepliaklqana
 24503 | Swamp:2  | Noticed Aizul
 24732 | Swamp:2  | Noticed Frances
 24991 | D:11     | Reached skill level 10 in Short Blades
 25138 | D:11     | Reached skill level 14 in Stealth
 25220 | D:11     | Found a flagged portal.
 25239 | Bailey   | Entered a bailey
 25302 | Bailey   | Found a bloodstained altar of Trog.
 26743 | D:12     | Got an ancient turquoise ring
 27048 | D:12     | Identified the ring of the Bouncing Eyes {MP+9 Dex+3} (You
                  | found it on level 12 of the Dungeon)
 27058 | D:13     | Found Ywkiddus's General Store.
 27924 | D:13     | Reached XP level 16. HP: 74/81 MP: 24/24
 28462 | D:13     | Found a gate to the Vaults.
 28617 | D:14     | Found a bloodstained altar of Trog.
 28721 | D:13     | Reached skill level 15 in Stealth
 28829 | D:14     | You fall through a shaft!
 28829 | D:15     | Entered Level 15 of the Dungeon
 29126 | D:14     | Noticed Rupert
 29140 | D:14     | Identified the ring of the Ban {rF+ rN+ Str+7 Stlth-}
 29143 | D:14     | Killed Rupert
 29388 | D:14     | Found a runed translucent gate.
 29388 | D:14     | Found a runed translucent gate.
 29389 | D:14     | Found a runed translucent gate.
 29392 | D:14     | Noticed Tutankhamun's ghost (journeyman FoFi)
 29528 | D:14     | Identified Juciaq's Grimoire of the Traveller and
                  | Self-Knowledge
 30156 | D:15     | Reached skill level 10 in Armour
 30675 | D:15     | Found a staircase to the Depths.
 30831 | D:15     | Learned a level 5 spell: Summon Forest
 31277 | Swamp:2  | Killed Frances
 31277 | Swamp:2  | Reached skill level 1 in Summonings
 31277 | Swamp:2  | Reached skill level 1 in Translocations
 31364 | Swamp:2  | Reached XP level 17. HP: 59/85 MP: 25/25
 31457 | Swamp:2  | Killed Aizul
 32841 | Swamp:4  | Entered Level 4 of the Swamp
 32841 | Swamp:4  | Noticed Roxanne
 33466 | Swamp:4  | Noticed Donald
 33477 | Swamp:4  | Killed Donald
 33567 | Swamp:4  | Reached skill level 5 in Summonings
 33567 | Swamp:4  | Reached skill level 5 in Translocations
 34548 | Swamp:4  | Got a decaying rune of Zot
 34647 | Swamp:4  | Killed Roxanne
 35037 | Spider:1 | Entered Level 1 of the Spider Nest
 35342 | Spider:1 | Noticed Azrael
 35350 | Spider:1 | Killed Azrael
 35350 | Spider:1 | Reached skill level 16 in Stealth
 35782 | Spider:1 | Noticed Jorgrun
 35849 | Spider:1 | Reached XP level 18. HP: 76/90 MP: 26/26
 35955 | Spider:1 | Killed Jorgrun
 37227 | Spider:3 | Noticed Arachne
 37444 | Spider:3 | Killed Arachne
 37462 | Spider:4 | Entered Level 4 of the Spider Nest
 38604 | Spider:3 | Succumbed to a ghost moth's poison

Skill      XL: |  1  2  3  4  5  6  7  8  9 10 11 12 13 14 15 16 17 18 |
---------------+-------------------------------------------------------+-----
Fighting       | 2 3 4 5 7 8 |  8.0
Short Blades   | 2 3 4 5 7 9 10 11 12 | 12.0
Stealth        | 5 6 7 8 9 10 12 13 14 15 16 | 16.9
Spellcasting   | 1 4 5 |  5.0
Conjurations   | 1 4 5 |  5.0
Air Magic      | 1 3 4 |  4.0
Poison Magic   | 1 3 4 |  4.0
Dodging        | 1 3 5 7 8 9 11 13 14 | 14.6
Armour         | 3 5 7 9 10 | 10.8
Shields        | 3 4 |  4.0
Hexes          | 2 3 |  3.0
Ice Magic      | 2 3 |  3.0
Invocations    | 3 5 |  5.0
Evocations     | 3 5 |  5.0
Throwing       | 4 5 |  5.0
Summonings     | 1 6 7 |  7.9
Translocations | 1 6 7 |  7.9

Action                   |  1- 3 |  4- 6 |  7- 9 | 10-12 | 13-15 | 16-18 || total
-------------------------+-------+-------+-------+-------+-------+-------++-------
Melee: Dagger            |    48 |   270 |   195 |   251 |  1617 |  1361 ||  3742
       Bite              |     7 |    58 |    49 |    94 |   552 |   766 ||  1526
 Fire: Blowgun           |     1 |       |    24 |    38 |    19 |    16 ||    98
Throw: Tomahawk          |       |       |     8 |     8 |     1 |    11 ||    28
 Cast: Mephitic Cloud    |       |       |       |    20 |    29 |    16 ||    65
       Ensorcelled Hiber |       |       |       |     3 |     9 |       ||    12
       Summon Forest     |       |       |       |       |       |     1 ||     1
Invok: Ancestor Life: Kn |       |       |       |     1 |       |       ||     1
       Recall Ancestor   |       |       |       |       |     3 |     7 ||    10
       Idealise          |       |       |       |       |     6 |    11 ||    17
       Transference      |       |       |       |       |       |     1 ||     1
Evoke: Wand              |       |       |       |    12 |     9 |    21 ||    42
       Lightning rod     |       |       |       |       |     5 |     9 ||    14
       Sack of spiders   |       |       |       |       |       |     3 ||     3
       Fan of gales      |       |       |       |       |       |     1 ||     1
  Use: Scroll            |     2 |    10 |     6 |    13 |     6 |     9 ||    46
       Potion            |       |     1 |     1 |     5 |     7 |     5 ||    19
 Stab: Sleeping          |     6 |    12 |    14 |    13 |    59 |    18 ||   122
       Distracted        |       |       |     1 |     2 |    10 |    24 ||    37
       Confused          |       |       |       |     9 |    11 |     8 ||    28
       Invisible         |       |       |       |       |       |     1 ||     1
  Eat: Chunk             |     1 |    11 |     8 |     7 |    34 |    20 ||    81
       Ration            |       |       |     1 |     3 |     6 |     5 ||    15
Armor: Robe              |    12 |     9 |       |       |       |       ||    21
       Leather armour    |       |    79 |    56 |    49 |   169 |       ||   353
       Swamp dragon scal |       |       |       |       |    62 |   349 ||   411
Dodge: Dodged            |    28 |   181 |   116 |   183 |  1188 |  1213 ||  2909
Block: Buckler           |       |       |     1 |    51 |   407 |   482 ||   941
